Map: Frost LE

Players

LiquidSnute (Snute)

  • Race: Zerg Zerg

MarineLorD - Winner!

  • Race: Terran Terran
  • League: Master

Event: DreamHack ZOWIE Open Valencia 2016

VOD

Have the link to the VOD?

Description

Time

  • Played on: July 16, 2016, 11:39 a.m.
  • Length: 15:09

All games in this series

Show
View Real Time Build Order
Export as new Build Order

LiquidSnute Zerg 

Build Orders: Hatch First, Swarm Host 

Get SALT Encoding   

  12  0:00  Drone  
  13  0:12  Overlord  
  13  0:17  Drone  
  14  0:30  Drone x2  
  14  0:34  Drone  
  17  0:52  Hatchery  
  17  0:54  Drone  
  17  0:57  Drone  
  17  0:59  Extractor  
  17  1:13  Spawning Pool  
  17  1:16  Drone  
  17  1:19  Drone  
  18  1:28  Drone  
  19  1:38  Overlord  
  19  1:52  Drone  
  20  1:59  Queen  
  20  2:00  Zergling x2, Metabolic Boost  
  23  2:04  Queen  
  25  2:13  Zergling x2  
  25  2:15  Overlord  
  26  2:25  Zergling x2  
  26  2:29  Drone x2  
  29  2:32  Drone  
  29  2:36  Queen  
  32  2:40  Drone  
  33  2:45  Drone  
  33  2:48  Drone  
  35  2:54  Drone  
  35  2:57  Drone  
  37  3:02  Roach Warren  
  37  3:05  Overlord  
  36  3:12  Overlord  
  36  3:19  Drone x4  
  40  3:27  Drone x2  
  40  3:30  Drone x2  
  44  3:40  Drone x2  
  45  3:46  Hatchery  
  44  3:51  Roach x2  
  44  3:54  Roach  
  50  3:57  Roach  
  52  4:03  Evolution Chamber x2  
  52  4:04  Drone  
  52  4:05  Drone  
  52  4:09  Drone x2  
  54  4:12  Drone  
  55  4:18  Queen  
  55  4:19  Overlord  
  57  4:24  Queen  
  57  4:27  Spore Crawler  
  58  4:32  Zerg Ground Armor Level 1  
  58  4:35  Zerg Missile Weapons Level 1  
  58  4:37  Roach  
  60  4:42  Roach x2  
  60  4:45  Overlord  
  64  4:48  Roach  
  66  4:53  Drone x2  
  66  4:54  Overlord  
  66  4:58  Queen  
  74  5:07  Roach x2  
  74  5:09  Drone x2  
  74  5:10  Drone x2  
  74  5:13  Overlord  
  78  5:17  Drone x2  
  80  5:22  Drone x4  
  80  5:23  Drone  
  85  5:30  Drone x3  
  85  5:31  Drone  
  85  5:33  Drone  
  90  5:42  Pneumatized Carapace, Queen  
  92  5:43  Overlord  
  92  5:44  Drone x2  
  92  5:47  Extractor  
  92  5:48  Extractor  
  90  5:50  Extractor x2  
  90  5:55  Overlord  
  90  5:56  Roach  
  78  6:01  Overlord  
  78  6:04  Overlord x2  
  78  6:05  Drone  
  78  6:06  Extractor  
  78  6:10  Roach x2  
  70  6:19  Roach  
  70  6:22  Drone x6  
  70  6:29  Drone  
  70  6:32  Drone x2  
  73  6:34  Queen  
  75  6:40  Drone  
  75  6:42  Drone x2  
  76  6:48  Queen  
  76  6:50  Lair  
  76  6:53  Drone x3  
  79  7:01  Ravager  
  79  7:02  Roach x3, Ravager  
  87  7:10  Queen  
  87  7:14  Roach x3  
  95  7:23  Queen  
  95  7:26  Roach x3  
  100  7:31  Ravager  
  100  7:33  Ravager  
  100  7:34  Roach x2  
  106  7:40  Overlord x2  
  105  7:49  Queen  
  105  7:54  Zerg Ground Armor Level 2  
  105  7:57  Queen  
  107  7:59  Queen  
  107  8:04  Glial Reconstitution  
  107  8:05  Evolution Chamber  
  108  8:06  Drone, Overlord  
  108  8:07  Drone x2  
  108  8:08  Evolution Chamber  
  108  8:09  Drone  
  108  8:10  Drone  
  112  8:16  Drone x3  
  112  8:18  Drone  
  116  8:27  Overlord  
  116  8:28  Ravager  
  116  8:32  Roach x2  
  116  8:33  Roach x2  
  125  8:35  Ravager  
  125  8:39  Zerg Missile Weapons Level 2  
  125  8:45  Infestation Pit  
  124  8:49  Queen x2  
  124  8:51  Ravager  
  124  8:52  Ravager  
  124  8:53  Roach  
  132  8:57  Roach x2  
  133  9:09  Roach x5  
  137  9:11  Ravager  
  126  9:29  Overlord  
  126  9:32  Roach  
  126  9:33  Roach x4  
  126  9:34  Ravager  
  126  9:35  Ravager  
  138  9:39  Overlord  
  138  9:40  Overlord  
  138  9:44  Pathogen Glands  
  138  9:47  Hatchery  
  137  9:54  Queen x2  
  137  9:55  Queen  
  137  9:58  Drone x2  
  145  10:11  Roach  
  145  10:12  Roach x5  
  151  10:17  Overlord  
  151  10:18  Infestor  
  151  10:19  Infestor  
  155  10:22  Infestor  
  155  10:28  Infestor x2  
  157  10:31  Ravager  
  157  10:32  Overlord  
  162  10:39  Roach x3  
  162  10:40  Roach  
  170  10:51  Roach  
  170  10:52  Roach x3  
  144  11:26  Roach x2  
  138  11:36  Overlord x3  
  138  11:37  Hive  
  138  11:38  Infestor x2  
  142  11:51  Overlord x2  
  142  11:58  Hatchery  
  142  11:59  Swarm Host x9  
  168  12:09  Ravager x2  
  168  12:11  Roach x3  
  176  12:21  Roach  
  176  12:22  Roach  
  180  12:30  Overlord x2  
  166  12:46  Roach x8  
  155  12:55  Roach x2  
  155  12:57  Queen  
  155  12:58  Roach, Queen x2  
  159  13:03  Ravager  
  143  13:15  Roach x8  
  143  13:19  Roach  
  159  13:23  Ravager x6  
  165  13:28  Roach x3  
  171  13:41  Infestor x2  
  171  13:43  Roach  
  171  13:44  Roach x2  
  181  13:49  Ravager  
  182  13:57  Roach x5  
  187  14:06  Extractor  
  187  14:08  Roach x2  
  187  14:09  Roach x4, Extractor  
  162  14:16  Roach x3  
  156  14:22  Roach  
  144  14:25  Roach  
  144  14:29  Roach x2  
  124  14:39  Roach  
  124  14:40  Roach x3  
  124  14:45  Roach x2  
  115  14:50  Roach x2  
Show
View Real Time Build Order
Export as new Build Order

MarineLorD Terran - Winner!

Build Orders: Reaper Expand, Bio Tank 

Get SALT Encoding   

  12  0:00  SCV  
  13  0:12  SCV  
  14  0:17  Supply Depot  
  14  0:24  SCV  
  15  0:39  SCV  
  15  0:40  Barracks  
  16  0:45  Refinery  
  16  0:51  SCV  
  17  1:03  SCV  
  18  1:15  SCV  
  19  1:28  Orbital Command, Reaper  
  20  1:40  Command Center  
  20  1:51  Barracks  
  20  1:54  SCV  
  20  2:00  Barracks Reactor  
  21  2:08  Supply Depot, SCV  
  22  2:14  Refinery  
  22  2:20  SCV  
  23  2:28  Factory  
  23  2:32  SCV  
  23  2:36  Marine x2  
  26  2:39  Barracks Tech Lab  
  26  2:44  SCV  
  27  2:54  Marine x2  
  27  2:55  Orbital Command  
  27  2:57  SCV  
  30  2:59  Marine  
  31  3:06  Stimpack  
  31  3:09  SCV  
  32  3:13  Marine x2  
  34  3:20  Marine  
  34  3:21  SCV x2  
  37  3:30  Factory Reactor  
  37  3:33  SCV, Starport  
  37  3:34  Marine  
  38  3:42  Marine  
  38  3:43  Supply Depot, Marine  
  38  3:45  SCV  
  38  3:46  SCV  
  42  3:52  Supply Depot  
  42  3:57  SCV  
  42  3:58  SCV  
  42  3:59  Marine  
  42  4:00  Marine  
  46  4:05  Marine  
  46  4:09  SCV  
  48  4:10  SCV  
  48  4:15  Supply Depot  
  48  4:16  Widow Mine, Medivac x2  
  55  4:20  Refinery  
  55  4:21  SCV  
  56  4:24  Marine x2  
  56  4:26  Marine  
  56  4:30  SCV  
  60  4:34  Supply Depot, SCV  
  61  4:39  Supply Depot  
  61  4:42  SCV  
  61  4:43  Marine x2  
  61  4:44  Marine  
  65  4:46  SCV  
  65  4:47  Widow Mine  
  65  4:52  Medivac  
  70  4:56  SCV, Viking  
  70  4:58  SCV  
  74  5:05  Marine x2  
  76  5:08  Marine  
  77  5:15  SCV  
  77  5:16  SCV  
  77  5:17  Command Center  
  77  5:20  Factory Tech Lab  
  79  5:26  Engineering Bay  
  79  5:28  Engineering Bay  
  79  5:31  SCV  
  80  5:39  Marine x2  
  80  5:40  Combat Shields  
  80  5:42  Marauder  
  85  5:43  SCV  
  85  5:47  Supply Depot  
  84  5:52  SCV  
  84  5:55  SCV  
  84  5:56  Marine  
  85  6:04  SCV  
  86  6:08  SCV, Medivac x2, Siege Tank  
  86  6:09  Terran Infantry Weapons Level 1  
  86  6:10  Supply Depot  
  91  6:14  Marine x2  
  91  6:16  SCV  
  93  6:20  SCV  
  93  6:24  Marine  
  87  6:32  SCV  
  86  6:35  SCV  
  86  6:37  Orbital Command  
  86  6:38  Terran Infantry Armor Level 1, Medivac x2, Marine  
  86  6:39  Marine  
  91  6:44  Marine, Refinery, SCV  
  91  6:49  Siege Tank  
  94  6:56  Barracks  
  94  6:58  SCV x2  
  94  6:59  Supply Depot  
  94  7:00  Supply Depot, Marine  
  94  7:01  Marine  
  96  7:08  Marine  
  96  7:10  SCV  
  96  7:12  Medivac  
  97  7:22  SCV, Siege Tank  
  100  7:23  Marine x2  
  99  7:30  Marauder, Concussive Shells  
  99  7:34  SCV  
  99  7:36  Orbital Command  
  102  7:37  Refinery  
  102  7:41  Marine  
  102  7:43  Barracks  
  103  7:44  Marine, Barracks  
  103  7:45  Barracks  
  103  7:46  Marine, Armory  
  105  7:51  Marine  
  105  7:54  Siege Tank  
  109  7:59  Marine  
  109  8:01  SCV  
  109  8:02  SCV, Marine  
  113  8:09  Marine  
  113  8:13  Barracks Reactor  
  113  8:16  Marine  
  109  8:20  SCV x2, Marine  
  109  8:22  SCV  
  110  8:27  Marine, Medivac x2  
  110  8:28  Siege Tank  
  117  8:34  Marine  
  117  8:38  Marine  
  117  8:41  Bunker  
  119  8:44  Barracks Reactor, Barracks Tech Lab x2  
  119  8:45  Marine  
  119  8:48  Barracks  
  119  8:49  Supply Depot x2, Marine  
  119  8:50  Supply Depot, Marine, Barracks  
  119  8:52  Marine  
  120  8:55  Marine  
  120  8:57  Medivac x2  
  120  9:02  Siege Tank  
  127  9:07  Marine x2  
  123  9:10  Marine  
  123  9:13  Marauder x3  
  123  9:16  Marine  
  127  9:21  Marine  
  118  9:25  Marine  
  118  9:27  Medivac x2  
  118  9:30  Marine x2  
  118  9:31  Refinery  
  125  9:34  Terran Infantry Weapons Level 2, Marauder, Siege Tank  
  125  9:35  Marine, Marauder  
  125  9:36  Marine x3  
  125  9:37  Terran Vehicle Weapons Level 1  
  125  9:38  Marine  
  136  9:39  Marine  
  136  9:40  Command Center  
  136  9:43  Marine  
  136  9:44  Supply Depot  
  139  9:48  Marine x2  
  139  9:49  Supply Depot  
  141  9:53  Marine x2  
  141  9:54  Marine  
  141  9:55  Marine  
  141  9:56  Marine, Marauder  
  151  10:00  Marine, Terran Infantry Armor Level 2  
  151  10:01  Marine x2  
  151  10:06  Marine x2  
  153  10:11  Marine  
  153  10:12  Marine x2  
  153  10:13  Siege Tank  
  153  10:14  Marine, Marauder  
  161  10:17  Marauder  
  161  10:18  Marine  
  161  10:19  Marine  
  161  10:20  Marauder  
  168  10:24  Marine x2  
  169  10:29  Marine  
  169  10:34  Supply Depot  
  169  10:35  Supply Depot, Marauder  
  172  10:36  Supply Depot  
  172  10:37  Factory  
  172  10:42  Marine  
  172  10:47  Sensor Tower  
  173  10:51  Marine x7, Marauder x2  
  173  10:56  Marine  
  185  11:00  Marine  
  186  11:09  Marine x7  
  191  11:13  Marauder x2  
  191  11:14  Marine  
  191  11:17  Siege Tank  
  191  11:18  Marine  
  171  11:25  Medivac  
  157  11:27  Marine x7  
  157  11:32  Marauder  
  145  11:34  Marine, Marauder  
  145  11:35  Medivac  
  145  11:36  Marine  
  151  11:44  Marine  
  152  11:48  Marine  
  152  11:49  Marine, Siege Tank  
  152  11:50  Marine x2  
  152  11:51  Factory Tech Lab  
  152  11:52  Marine, Marauder  
  152  11:54  Marauder  
  164  11:55  Marine, Medivac  
  164  11:57  Marine  
  169  12:02  Marine  
  169  12:06  Marine  
  171  12:10  Terran Infantry Weapons Level 3  
  171  12:12  Planetary Fortress  
  170  12:23  Medivac  
  170  12:25  Medivac  
  174  12:30  Terran Vehicle Weapons Level 2  
  174  12:41  Marauder  
  174  12:42  Marine x2, Marauder  
  174  12:44  Marine, Marauder  
  155  12:46  Marine  
  155  12:47  Marine  
  155  12:48  Marine  
  135  12:53  Medivac  
  135  12:54  Marine  
  135  12:55  Marine  
  139  12:59  Marine  
  140  13:05  Marine x3  
  140  13:06  Marine x5  
  140  13:11  Marine  
  137  13:13  Marine  
  137  13:17  Marine  
  136  13:23  Marine x3  
  136  13:24  Marine x4, Marauder  
  145  13:29  Marine  
  145  13:30  Marine  
  147  13:35  Marine  
  147  13:38  Medivac x2  
  147  13:41  Marine  
  152  13:45  Marine  
  154  13:49  Marine x2, Marauder  
  154  13:50  Marine  
  154  13:51  Marine, Command Center  
  154  13:53  Marine  
  158  13:57  Marine  
  158  14:00  Marine x2  
  158  14:02  Marauder  
  163  14:03  Marine  
  163  14:07  Marine x2  
  163  14:08  Marine, Siege Tank  
  152  14:10  Marauder  
  152  14:13  Marine x2  
  152  14:15  Marine  
  151  14:17  Medivac  
  151  14:18  Marauder  
  151  14:22  Marine x2  
  151  14:23  Marauder  
  143  14:24  Marine, Medivac  
  143  14:25  Marine  
  143  14:29  Marine  
  142  14:32  Marine, Marauder  
  142  14:35  Marine x2  
  131  14:39  Marauder  
  131  14:40  Marine x2  
  131  14:42  Marine  
  131  14:43  Marine  
  131  14:45  Marauder  
  128  14:47  Marine  
  128  14:50  Marine  

Tags
 
Add a new tag
Caveats
  • Supply blocks, unpowered buildings, or Contaminate may cause inaccurate times.
  • Supply counts are checked every 10 seconds.